 Dungeon Crawl Stone Soup version 0.29.0-11-gd7f09526c8 (webtiles) character file.

Game seed: 5043816747837069976

235 bande the Chopper (level 6, -5/53 HPs)
             Began as a Hill Orc Fighter on Sept 6, 2022.
             Slain by an ogre
             ... wielding a +0 giant club
              (21 damage)
             ... on level 4 of the Dungeon.
             The game lasted 00:05:47 (4031 turns).

bande the Chopper (Hill Orc Fighter)                Turns: 4031, Time: 00:05:47

Health: -5/53      AC: 16    Str: 19    XL:     6   Next: 5%
Magic:  6/6        EV:  5    Int:  8    God:
Gold:   244        SH:  4    Dex: 12    Spells: 5/5 levels left

rFire   . . .      SeeInvis .   a - +0 war axe
rCold   . . .      Faith    .   c - +0 buckler
rNeg    . . .      Spirit   .   e - +0 plate armour
rPois   .          Reflect  .   o - +0 helmet
rElec   .          Harm     .   (no cloak)
rCorr   .          Rampage  .   j - +2 pair of gloves
Will    .....                   (no boots)
Stlth   ..........              (no amulet)
HPRegen 0.17/turn               m - ring of flight
MPRegen 0.10/turn               (no ring)

@: flying
A: no striking features
a: no special abilities


You were on level 4 of the Dungeon.
You visited 1 branch of the dungeon, and saw 5 of its levels.

You collected 244 gold pieces.

Inventory:

Hand Weapons
 a - a +0 war axe (weapon)
 l - a +0 flail
Armour
 c - a +0 buckler (worn)
 e - a +0 plate armour (worn)
 j - a +2 pair of gloves (worn)
 o - a +0 helmet (worn)
Jewellery
 m - a ring of flight (left hand)
Wands
 k - a wand of quicksilver (9)
 n - a wand of mindburst (18)
Scrolls
 f - 5 scrolls of teleportation
 h - a scroll of magic mapping
 q - 2 scrolls of butterflies
Potions
 b - 3 potions of curing
 d - 2 potions of might
 g - a potion of resistance {unknown}
 i - 4 potions of cancellation
 p - 2 potions of mutation
 r - a potion of heal wounds


   Skills:
 + Level 4.5 Fighting
 + Level 5.5 Axes
 + Level 4.3 Armour
 + Level 3.6 Shields
 * Level 2.0 Evocations


You had 5 spell levels left.
You didn't know any spells.
Your spell library contained the following spells:

 Spells                   Type           Power      Damage    Failure   Level
 Fulminant Prism          Conj/Hex       0%         3d6       100%        4
 Iskenderun's Mystic Bla  Conj/Tloc      0%         2d3       100%        4
 Lee's Rapid Deconstruct  Erth           0%         3d5*      100%        5


Dungeon Overview and Level Annotations

Branches:
Dungeon (5/15)
 Temple: D:4-7

Altars:
Elyvilon
Hepliaklqana

Shops:
D:1 (


Message History

No target in view!
No target in view!
No target in view!
No target in view!
No target in view!
Done exploring.
Done exploring.
There is a large open door here.
There is a stone staircase leading down here.
You fly downwards.
The adder hisses angrily.
The gnoll shouts!
Found four items.
There is a stone staircase leading up here.
A gnoll sergeant comes into view. It is wielding a +0 trident.
The gnoll sergeant shouts!
A gnoll comes into view.
It is wielding a +2 halberd of protection.
The gnoll shouts!
A gnoll comes into view. It is wielding a +0 flail.
The ogre hits you with a +0 giant club!!
Ouch! That really hurt!
You fly upwards.
There is a stone staircase leading down here.
Number of times to repeat, then command key: You must enter the number of times for the command to repeat.
You slash the ogre!
The ogre is moderately wounded.
You barely miss the ogre.
The ogre is moderately wounded.
The ogre hits you with a +0 giant club!
* * * LOW HITPOINT WARNING * * *
You slash the ogre!
The ogre is severely wounded.
You block the ogre's attack.
You barely miss the ogre.
The ogre is severely wounded.
The ogre hits you but does no damage.
You hit the ogre.
The ogre is severely wounded.
The ogre hits you with a +0 giant club!!
You die...

#.######.# #.######.###
#.##.......##########
#.##.###.#........... ####
#........#######...## ..[#####
####.##### #.....# .......#
####.##### ##...## ##.###.#
#....O...# ##.## ##.###.#
#.##@###.# #.# ##...#.# #.##.#
#.# #.# ####.#.# #.##.# #.# ##+##
# #.#.# #.##.###.# ##...##
####.#.# #........# ##.....#
.......# ####.##.## ##.......
####...#########.#...####........
........................'........
.........#######.#...####........


You could see an ogre.

Vanquished Creatures
  A black bear (D:4)
  An iguana (D:4)
  Robin (D:3)
  3 adders
  2 worms (D:2)
  2 dart slugs
  2 orcs
  6 endoplasms
  A giant cockroach (D:3)
  13 goblins
  7 hobgoblins
  3 jackals (D:3)
  3 kobolds
  3 quokkas
  5 ball pythons
  3 bats
  4 frilled lizards
  9 rats
69 creatures vanquished.

Notes
Turn   | Place    | Note
-------+----------+-------------------------------------------
     0 | D:1      | bande the Hill Orc Fighter began the quest for the Orb.
     0 | D:1      | Reached XP level 1. HP: 19/19 MP: 1/1
   255 | D:1      | Found Plog's Weapon Emporium.
   870 | D:2      | Reached XP level 2. HP: 27/27 MP: 2/2
  1348 | D:2      | Reached skill level 3 in Axes
  1349 | D:2      | Reached XP level 3. HP: 33/33 MP: 3/3
  1375 | D:2      | Found a faded altar of an unknown god.
  2148 | D:3      | Reached XP level 4. HP: 39/40 MP: 4/4
  2241 | D:3      | Noticed Robin
  2251 | D:3      | Reached skill level 1 in Evocations
  2259 | D:3      | Killed Robin
  2260 | D:3      | Reached skill level 4 in Axes
  2796 | D:3      | Found a hazy altar of Hepliaklqana.
  3022 | D:4      | Reached XP level 5. HP: 23/47 MP: 5/5
  3380 | D:4      | Noticed a black bear
  3384 | D:4      | Killed a black bear
  3385 | D:4      | Reached skill level 5 in Axes
  3385 | D:4      | Reached XP level 6. HP: 48/53 MP: 6/6
  3434 | D:4      | Found a white marble altar of Elyvilon.
  4021 | D:5      | Entered Level 5 of the Dungeon
  4031 | D:4      | Slain by an ogre

Illustrated notes

Levels and vault maps discovered:
D:1:      minmay_arrival_open_corners, layout_loops_ring,
          serial_co_window_serial, co_window_paths_a,
          co_window_of_opportunity_a, co_window_paths_a, co_window_paths_a,
          co_window_corner_a, co_window_of_opportunity_a,
          co_window_of_opportunity_a, co_window_corner_b, co_window_cross_2,
          co_window_broadway_c, co_window_corner_ca, glass_columns_b,
          glass_columns_b, glass_columns_b, serial_shops,
          nicolae_shop_bloodbath_and_beyond, chequers_serial_rivers_marsh,
          minivault_4
D:2:      layout_loops_ring, basic_ecumenical_altar, kennysheep_cluttered_room
D:3:      layout_loops_ring, mainiacjoe_overflow_cross_hatched,
          minmay_randomly_rotated_circles, uniq_robin
D:4:      layout_loops_corners, lemuel_crystal_altar, kennysheep_generic_room_3
D:5:      layout_basic, hangedman_feature_mirror

Skill      XL: |  1  2  3  4  5 |
---------------+----------------+-----
Fighting       | 4 |  4.5
Axes           | 3 4 5 |  5.5
Armour         | 4 |  4.3
Evocations     | 1 2 |  2.0
Shields        | |  3.6

Action                   |  1- 3 |  4- 6 || total
-------------------------+-------+-------++-------
Melee: War axe           |    79 |    86 ||   165
  Use: Scroll            |     8 |     6 ||    14
Armor: Scale mail        |    26 |       ||    26
       Plate armour      |     9 |    73 ||    82
Dodge: Dodged            |    23 |    20 ||    43
Block: Buckler           |    16 |    18 ||    34
